Map: Ephemeron LE

Players

SpeCial

  • Race: Terran Terran
  • League: Master
  • Spawn Location: 11:00

Zest - Winner!

  • Race: Protoss Protoss
  • League: Master
  • Spawn Location: 5:00

VOD

Have the link to the VOD?

Description

Time

  • Played on: Jan. 7, 2020, 8:02 p.m.
  • Length: 20:11
Show
View Real Time Build Order
Export as new Build Order

SpeCial Terran 

Build Orders:  

Get SALT Encoding   

  12  0:00  SCV  
  13  0:13  SCV  
  14  0:17  Supply Depot  
  14  0:25  SCV  
  15  0:38  SCV  
  15  0:40  Barracks  
  16  0:44  Refinery  
  16  0:50  SCV  
  17  1:02  SCV  
  18  1:15  SCV  
  19  1:27  Marine  
  19  1:28  Orbital Command  
  20  1:47  Command Center  
  20  1:53  Factory  
  20  1:55  Marine  
  20  2:00  SCV  
  22  2:05  Supply Depot  
  22  2:12  SCV  
  22  2:13  Refinery  
  23  2:15  Barracks Reactor  
  23  2:27  SCV  
  24  2:36  Hellion  
  26  2:39  SCV  
  26  2:40  Starport  
  27  2:52  SCV, Marine x2  
  30  2:59  Widow Mine, Orbital Command  
  30  3:04  SCV  
  33  3:10  Marine x2  
  35  3:17  SCV  
  35  3:19  Medivac  
  38  3:22  Widow Mine  
  38  3:25  SCV  
  41  3:29  Supply Depot  
  41  3:30  Marine  
  41  3:31  Marine  
  43  3:36  SCV  
  43  3:37  SCV  
  45  3:46  Factory Tech Lab  
  45  3:48  SCV  
  45  3:49  Starport Tech Lab  
  45  3:51  Marine x2, SCV  
  45  3:54  Supply Depot  
  49  4:00  SCV  
  50  4:03  SCV  
  50  4:08  Raven, Marine  
  54  4:15  Marine, SCV  
  54  4:16  SCV  
  57  4:17  Supply Depot  
  57  4:26  Marine  
  57  4:28  SCV x2  
  58  4:33  Marine  
  58  4:38  Command Center, Siege Tank  
  60  4:42  SCV x2  
  60  4:43  Supply Depot  
  62  4:53  Marine  
  62  4:54  SCV  
  62  4:56  Marine  
  62  4:57  SCV  
  64  5:03  Refinery  
  64  5:04  Refinery  
  64  5:06  SCV  
  65  5:07  Barracks  
  65  5:08  Barracks  
  65  5:10  SCV  
  65  5:11  Marine  
  65  5:12  Supply Depot  
  65  5:13  Marine  
  68  5:14  Siege Tank  
  68  5:18  SCV  
  72  5:22  SCV  
  73  5:29  Marine  
  73  5:30  SCV  
  73  5:31  Marine  
  73  5:34  SCV  
  77  5:36  Engineering Bay  
  77  5:37  Engineering Bay  
  77  5:38  Starport Reactor  
  77  5:42  SCV  
  78  5:43  Supply Depot  
  78  5:46  SCV  
  78  5:47  Marine  
  78  5:49  Marine  
  81  5:50  Siege Tank  
  81  5:51  Orbital Command  
  81  5:54  SCV  
  81  5:55  Marine  
  81  5:56  Stimpack  
  76  5:58  SCV  
  76  6:00  Barracks Tech Lab  
  76  6:03  Terran Infantry Weapons Level 1, Terran Infantry Armor Level 1  
  77  6:07  Missile Turret  
  77  6:11  Marine x2, Missile Turret  
  77  6:13  SCV x2  
  77  6:15  Orbital Command  
  81  6:20  Medivac x2  
  81  6:21  Marauder  
  81  6:24  Marauder  
  89  6:27  SCV  
  89  6:29  SCV  
  89  6:31  Marine  
  90  6:39  SCV  
  89  6:41  SCV  
  89  6:42  SCV  
  89  6:43  Marauder  
  89  6:44  Marine  
  89  6:45  Marauder  
  96  6:51  SCV  
  96  6:53  SCV  
  96  6:54  SCV  
  98  6:55  Barracks  
  98  6:56  Barracks  
  98  7:02  Marine x2  
  98  7:03  SCV  
  98  7:05  Marauder  
  98  7:06  SCV x2, Marauder  
  98  7:07  Siege Tank  
  109  7:12  Supply Depot  
  109  7:17  Medivac  
  109  7:23  Marine x2, SCV x3, Medivac  
  116  7:33  Marauder x2  
  116  7:35  Missile Turret  
  116  7:36  SCV x2  
  122  7:39  Concussive Shells, Combat Shield, Siege Tank  
  122  7:43  Refinery  
  125  7:44  Barracks Reactor, Refinery, Barracks Tech Lab  
  125  7:45  Supply Depot  
  125  7:48  SCV x3  
  126  7:59  Marine, Marauder  
  126  8:00  SCV x3  
  130  8:11  Supply Depot, Command Center, Siege Tank  
  130  8:12  SCV x2  
  135  8:13  Armory  
  135  8:20  Marine  
  135  8:23  Marauder x2  
  135  8:24  Medivac  
  140  8:28  Medivac  
  138  8:38  SCV x2  
  136  8:43  Siege Tank  
  136  8:47  Marine x4  
  139  8:49  Factory x2  
  139  8:50  Marauder x2  
  139  8:52  Missile Turret  
  143  8:58  Supply Depot x2  
  143  8:59  Supply Depot  
  143  9:00  Marine  
  143  9:01  Supply Depot  
  144  9:05  Marine x2  
  144  9:07  Terran Infantry Weapons Level 2  
  146  9:11  Terran Infantry Armor Level 2  
  146  9:15  Marine x2  
  148  9:18  Supply Depot  
  148  9:20  Supply Depot, Siege Tank  
  148  9:21  Supply Depot  
  148  9:22  Marine  
  148  9:23  Marine  
  153  9:26  Terran Vehicle Weapons Level 1  
  153  9:28  Supply Depot, Ghost Academy  
  152  9:36  Factory Tech Lab x2  
  152  9:38  Sensor Tower  
  152  9:42  Marine x6  
  152  9:43  Marine  
  159  9:56  Siege Tank x2  
  164  10:04  Marine x4  
  170  10:10  Refinery  
  170  10:11  SCV x2  
  174  10:16  Missile Turret  
  174  10:17  Siege Tank  
  176  10:25  Enhanced Shockwaves  
  175  10:29  Barracks, Refinery  
  175  10:30  Missile Turret, Barracks, Unknown x2  
  175  10:31  Missile Turret  
  177  10:37  Marine x4, Unknown  
  177  10:39  SCV x2  
  177  10:40  SCV  
  188  10:54  Planetary Fortress  
  186  10:58  Marine x2  
  186  10:59  Marine x2  
  186  11:01  Unknown  
  191  11:08  Missile Turret  
  191  11:09  Siege Tank  
  191  11:10  Unknown  
  192  11:15  Unknown  
  176  11:19  Siege Tank  
  176  11:22  Siege Tank  
  181  11:29  Unknown  
  181  11:31  Marine, Marauder  
  163  11:41  Siege Tank  
  163  11:42  Marauder  
  144  11:52  Siege Tank  
  141  11:54  Marine  
  141  11:55  Marine x2, Marauder, Siege Tank  
  147  12:02  Marine  
  147  12:03  Marauder  
  147  12:05  Marauder  
  137  12:12  Marine x2, Barracks Tech Lab x2  
  137  12:13  Marine, Siege Tank  
  143  12:16  Marauder  
  143  12:17  Terran Infantry Weapons Level 3  
  143  12:20  Marine  
  146  12:23  Command Center  
  146  12:24  Marauder, Siege Tank  
  146  12:26  Marauder  
  146  12:27  Siege Tank  
  156  12:30  Marine x2  
  156  12:31  Terran Vehicle Weapons Level 2  
  156  12:32  Marine  
  156  12:33  Marauder  
  163  12:37  Marauder  
  163  12:38  Marine  
  164  12:45  Marauder  
  164  12:50  Missile Turret  
  168  12:53  Siege Tank  
  168  12:54  Marine x2  
  168  12:56  Marauder  
  176  13:09  Marine, Medivac x2  
  179  13:13  Marine x2  
  179  13:14  Marauder  
  179  13:16  Unknown  
  179  13:19  Marine  
  185  13:20  Marauder  
  185  13:21  Marauder  
  185  13:22  Marine, Unknown  
  185  13:26  Marine  
  190  13:31  Marine x2  
  192  13:35  Marauder  
  192  13:37  Marine, Marauder, Unknown  
  192  13:39  Siege Tank  
  192  13:41  Marine  
  198  13:45  Marauder  
  199  13:52  Marine, Marauder  
  199  13:54  Marine  
  199  13:55  Siege Tank x2  
  197  13:56  Medivac  
  197  13:57  Marine  
  197  13:59  Planetary Fortress  
  200  14:03  Terran Infantry Armor Level 3  
  200  14:10  Armory, Personal Cloaking  
  200  14:20  Command Center  
  200  14:23  Siege Tank  
  156  14:26  Marine x2, Marauder  
  156  14:30  Marine  
  156  14:31  Marauder  
  132  14:32  Siege Tank  
  132  14:33  Marine  
  132  14:34  Marauder  
  132  14:37  Marine  
  132  14:38  Marauder, Siege Tank  
  120  14:41  Medivac x2  
  120  14:44  Marine x2  
  119  14:48  Marauder  
  119  14:49  Marine  
  119  14:51  Marine  
  125  14:55  Marine  
  125  14:56  Marauder  
  125  14:59  Marine  
  129  15:01  Marine x2  
  129  15:07  Marine  
  131  15:09  Marine, Marauder  
  137  15:14  Sensor Tower  
  137  15:17  Marauder x2  
  137  15:19  Marine x2, Medivac, Command Center  
  137  15:20  Unknown  
  137  15:21  Marauder  
  147  15:22  Medivac  
  147  15:24  Marine  
  147  15:27  Marine  
  151  15:30  Marauder  
  151  15:33  Siege Tank  
  151  15:35  Siege Tank  
  153  15:37  Marine, Refinery  
  153  15:38  Refinery  
  153  15:39  SCV x3, Marauder x2  
  153  15:41  Unknown  
  153  15:42  Marauder x2  
  165  15:46  Marine, Siege Tank  
  169  15:50  Marine x2  
  169  15:52  Marauder  
  169  15:55  Marine  
  174  15:57  Supply Depot  
  174  16:02  Marine  
  174  16:03  Marine  
  180  16:04  Marine  
  180  16:08  Siege Tank  
  180  16:10  Command Center  
  180  16:11  Marine  
  184  16:12  Medivac  
  184  16:13  Marauder  
  184  16:14  Medivac  
  184  16:18  Marine  
  191  16:21  Marauder, Siege Tank  
  191  16:25  Marine, Marauder  
  198  16:26  Marine  
  198  16:28  Unknown x2  
  197  16:36  Siege Tank  
  198  16:43  Marauder  
  194  16:54  SCV, Marine  
  194  16:55  Marauder  
  194  16:59  Siege Tank  
  200  17:06  SCV  
  187  17:09  Marine  
  187  17:10  Marauder  
  187  17:12  Marine  
  187  17:13  Marauder  
  187  17:14  Medivac x2, Siege Tank  
  177  17:19  Marine  
  177  17:20  Marauder  
  177  17:22  Marine, Marauder  
  181  17:24  Marauder  
  181  17:26  Siege Tank  
  181  17:27  Marine  
  181  17:29  SCV x2  
  186  17:30  SCV, Marine  
  187  17:40  Siege Tank  
  187  17:42  Marine, Marauder  
  189  17:45  Planetary Fortress  
  189  17:49  Command Center, Siege Tank  
  189  17:50  Marine  
  193  17:52  Marauder  
  193  17:58  Siege Tank  
  198  18:02  Marauder  
  186  18:27  Marine x2  
  186  18:28  Marauder x2, Siege Tank x2  
  186  18:33  Marauder  
  200  18:40  Siege Tank  
  200  18:47  Marine x2, Marauder  
  191  18:52  Liberator x2  
  191  18:53  Marine, Marauder  
  179  19:00  Siege Tank  
  179  19:01  Marine x2, Marauder  
  144  19:03  Siege Tank  
  144  19:06  Marine  
  144  19:07  Marine, Marauder  
  144  19:09  Marauder  
  139  19:10  Marine  
  139  19:12  Siege Tank  
  139  19:15  Marauder  
  142  19:19  Marine x2  
  142  19:23  Marauder  
  146  19:24  Marine  
  146  19:25  Marine  
  146  19:28  Marine x2  
  146  19:30  Marauder  
  151  19:33  Siege Tank  
  151  19:35  Siege Tank  
  151  19:36  Marine, Marauder  
  151  19:37  Marauder  
  152  19:42  Marine  
  152  19:43  Marine  
  152  19:44  Marauder  
  148  19:46  Marine, Marauder  
Show
View Real Time Build Order
Export as new Build Order

Zest Protoss - Winner!

Build Orders: 1 Gate Expand, Chargelot Immortal, Colossus Rush 

Get SALT Encoding   

  12  0:00  Probe  
  13  0:12  Probe  
  14  0:17  Pylon  
  14  0:25  Probe (Chrono Boost)  
  15  0:37  Probe (Chrono Boost), Gateway  
  16  0:45  Probe (Chrono Boost)  
  16  0:46  Assimilator  
  17  0:51  Probe  
  18  1:03  Probe  
  19  1:15  Probe  
  20  1:24  Cybernetics Core  
  20  1:32  Nexus  
  20  1:36  Probe  
  21  1:43  Pylon  
  21  1:48  Probe  
  21  1:51  Assimilator  
  22  1:58  Adept (Chrono Boost)  
  22  2:00  Probe  
  25  2:03  Warp Gate  
  25  2:13  Probe  
  26  2:24  Robotics Facility  
  26  2:25  Probe (Chrono Boost)  
  27  2:33  Stalker  
  30  2:37  Probe (Chrono Boost)  
  30  2:45  Probe (Chrono Boost)  
  30  2:47  Probe (Chrono Boost)  
  32  2:51  Probe  
  32  2:57  Probe  
  34  3:02  Gateway  
  34  3:03  Probe, Stalker  
  37  3:09  Probe  
  38  3:13  Observer (Chrono Boost)  
  38  3:15  Probe  
  40  3:21  Probe, Pylon  
  40  3:26  Observer (Chrono Boost)  
  41  3:27  Probe  
  41  3:29  Assimilator  
  41  3:31  Assimilator  
  41  3:33  Probe  
  44  3:39  Probe, Robotics Bay  
  45  3:44  Pylon  
  45  3:45  Probe  
  46  3:51  Probe, Observer  
  48  3:57  Stalker  
  48  4:00  Probe  
  48  4:01  Stalker  
  53  4:07  Probe  
  54  4:12  Probe  
  55  4:20  Pylon  
  55  4:23  Stalker  
  57  4:34  Pylon  
  57  4:38  Colossus (Chrono Boost)  
  57  4:44  Probe  
  57  4:45  Gravitic Drive  
  64  4:48  Probe  
  65  5:01  Pylon  
  65  5:02  Probe x2  
  65  5:04  Nexus  
  67  5:11  Pylon  
  67  5:13  Stalker  
  67  5:14  Stalker  
  67  5:26  Warp Prism (Chrono Boost)  
  69  5:29  Probe x2  
  71  5:41  Probe x2  
  73  5:48  Forge, Twilight Council  
  72  5:51  Forge  
  72  5:53  Probe  
  73  5:58  Observer  
  73  6:00  Probe (Chrono Boost)  
  73  6:03  Observer  
  75  6:05  Probe (Chrono Boost)  
  77  6:12  Probe (Chrono Boost)  
  77  6:15  Probe (Chrono Boost)  
  77  6:16  Gateway x2  
  79  6:19  Pylon  
  79  6:20  Assimilator  
  79  6:22  Assimilator  
  79  6:24  Probe (Chrono Boost)  
  79  6:25  Probe (Chrono Boost), Stalker x2  
  86  6:40  Probe (Chrono Boost)  
  86  6:41  Probe x2 (Chrono Boost)  
  86  6:45  Observer  
  90  6:55  Probe x3 (Chrono Boost)  
  90  6:56  Stalker x2  
  94  7:02  Probe  
  94  7:06  Immortal (Chrono Boost)  
  94  7:07  Protoss Ground Armor Level 1 (Chrono Boost), Observer  
  94  7:08  Charge (Chrono Boost)  
  94  7:15  Templar Archives  
  98  7:17  Protoss Ground Weapons Level 1 (Chrono Boost)  
  98  7:22  Probe x2  
  100  7:27  Photon Cannon, Shield Battery  
  100  7:28  Photon Cannon, Shield Battery  
  100  7:36  Immortal (Chrono Boost)  
  104  7:39  Gateway  
  104  7:41  Probe x2, Gateway  
  104  7:42  Gateway, Sentry  
  108  7:45  Gateway  
  108  8:05  Immortal (Chrono Boost)  
  106  8:08  Zealot x3  
  116  8:14  Pylon  
  116  8:15  Pylon  
  116  8:18  Pylon  
  116  8:20  Pylon  
  116  8:30  Observer  
  116  8:32  Stalker x4  
  108  8:36  Psionic Storm  
  108  8:39  Observer  
  108  8:40  Probe  
  102  8:42  Warp Prism (Chrono Boost)  
  102  8:44  Blink  
  102  8:47  High Templar x2  
  102  8:48  High Templar x2  
  110  8:49  Observer  
  110  8:56  Sentry x2  
  114  9:06  Pylon  
  114  9:11  Zealot, Observer x2  
  114  9:16  Protoss Ground Weapons Level 2 (Chrono Boost)  
  117  9:18  Robotics Facility  
  117  9:25  Probe x3  
  117  9:30  Zealot x7  
  134  9:37  Protoss Ground Armor Level 2 (Chrono Boost), Nexus  
  134  9:43  Immortal  
  134  9:44  Probe  
  139  9:46  Probe  
  139  9:50  Probe  
  141  9:56  Probe  
  142  10:01  Pylon  
  142  10:03  Observer  
  142  10:05  Pylon  
  142  10:09  Probe  
  142  10:10  Probe x2  
  145  10:15  High Templar x4  
  145  10:16  Zealot x2  
  145  10:21  Archon x2  
  157  10:29  High Templar x2  
  157  10:31  Gateway  
  157  10:32  Photon Cannon  
  157  10:33  Gateway, Archon  
  161  10:40  Disruptor x2  
  167  10:45  Sentry  
  169  10:50  Zealot  
  169  10:53  Zealot x4  
  179  11:02  Observer  
  175  11:20  Zealot x6  
  94  11:54  Zealot  
  94  11:55  Zealot x4  
  94  11:57  Zealot x3  
  94  11:58  Protoss Ground Armor Level 3 (Chrono Boost)  
  108  12:01  Protoss Shields Level 1 (Chrono Boost)  
  87  12:09  Observer  
  87  12:10  Immortal (Chrono Boost)  
  87  12:11  Immortal (Chrono Boost)  
  90  12:22  Zealot  
  90  12:23  Zealot x7  
  90  12:27  Gateway  
  90  12:28  Gateway  
  90  12:29  Gateway  
  106  12:31  Gateway, Observer  
  106  12:32  Probe x4  
  106  12:34  Gateway  
  106  12:35  Gateway  
  110  12:43  High Templar  
  110  12:44  Probe x3, High Templar x3  
  118  12:45  High Templar x2  
  118  12:46  Immortal (Chrono Boost), Sentry x2  
  118  12:48  Immortal (Chrono Boost)  
  137  12:56  Observer  
  133  13:13  Probe x2  
  133  13:14  Probe x2  
  133  13:17  Photon Cannon  
  133  13:19  Immortal (Chrono Boost)  
  141  13:21  Immortal (Chrono Boost)  
  144  13:27  High Templar  
  144  13:28  High Templar x3  
  148  13:46  Archon x2  
  148  13:47  Zealot x4  
  148  13:48  Zealot x6  
  166  13:51  Archon  
  156  14:01  Zealot x4  
  172  14:04  Protoss Shields Level 2 (Chrono Boost)  
  172  14:10  Zealot x2  
  172  14:11  Zealot x8  
  104  14:34  Zealot x11  
  94  14:41  Protoss Ground Weapons Level 3 (Chrono Boost)  
  94  14:42  Warp Prism (Chrono Boost)  
  92  14:46  Observer (Chrono Boost)  
  92  14:49  Nexus  
  92  14:51  High Templar x2  
  92  14:52  High Templar x2  
  101  14:53  Sentry x2  
  101  14:54  High Templar, Sentry  
  109  15:00  Pylon  
  109  15:02  Archon, Immortal  
  109  15:06  Zealot x6  
  125  15:11  Immortal (Chrono Boost)  
  129  15:18  Pylon  
  129  15:21  Stalker  
  129  15:22  Stalker x2  
  133  15:47  Immortal (Chrono Boost)  
  141  15:50  Immortal (Chrono Boost)  
  141  15:53  High Templar x2, Photon Cannon  
  141  15:56  Shield Battery  
  145  16:06  Zealot  
  145  16:07  Zealot x10  
  167  16:12  Assimilator  
  167  16:14  Protoss Shields Level 3 (Chrono Boost)  
  167  16:16  Assimilator  
  156  16:35  Stalker x5  
  156  16:37  Zealot x2, Stalker x2  
  152  16:57  Zealot x3  
  152  16:58  Zealot x7  
  152  17:00  Disruptor  
  175  17:02  Archon  
  175  17:21  Disruptor (Chrono Boost)  
  174  17:26  Nexus  
  174  17:34  Disruptor (Chrono Boost)  
  172  17:53  Disruptor (Chrono Boost), Observer  
  172  17:55  Pylon  
  175  18:02  Disruptor  
  175  18:04  Zealot x9  
  174  18:49  Zealot x6  
  174  18:50  Zealot x3  
  126  19:04  Stalker x5  
  132  19:10  Stalker x7  
  136  19:42  Zealot  
  136  19:43  Zealot x11  
Tags
 
Add a new tag
Caveats
  • Supply blocks, unpowered buildings, or Contaminate may cause inaccurate times.
  • Supply counts are checked every 10 seconds.